 Dungeon Crawl Stone Soup version 0.29.1-13-g9f3cf754e1 (webtiles) character file.

Game seed: 8359173621991027835

1656235 GeoRichter the Acrobat (level 25, 239/239 HPs)
             Began as a Demigod Hunter on Jan 30, 2023.
             Escaped with the Orb
             ... and 3 runes!
             The game lasted 02:31:09 (73494 turns).

GeoRichter the Acrobat (Demigod Hunter)            Turns: 73494, Time: 02:31:10

Health: 239/239    AC: 20    Str: 19    XL:     25   Next: 94%
Magic:  27/27      EV: 68    Int: 17    God:
Gold:   5709       SH: 27    Dex: 58    Spells: 24/24 levels left

rFire   + + .      SeeInvis +   a - +10 hand crossbow "Doacen" {speed, SInv}
rCold   + + .      Faith    +   F - +4 kite shield {rC+}
rNeg    + + +      Spirit   .   B - +6 acid dragon scales
rPois   +          Reflect  .   N - +2 helmet {Int+3}
rElec   .          Harm     .   u - scarf {rC+ rF+}
rCorr   +          Rampage  .   t - +0 pair of fencer's gloves {Riposte Dex+3}
Will    +++..                   y - +0 pair of boots "Xekke" {rN++ Int+3 Dex+4 SInv}
Stlth   +++.......              c - amulet of Nokummorr {Faith rPois rF+ rN+ Will-}
HPRegen 0.49/turn               M - ring of the City {+Blink Fly rF+ Str+7 Dex-2}
MPRegen 0.20/turn               w - ring of Puusun {rF- rN+ Will++ Dex+6}

@: flying, hasted, studying Unarmed Combat, very quick
A: high MP 1, forlorn, divine attributes, clumsy 1, screaming 1
0: Orb of Zot
}: 3/15 runes: decaying, serpentine, silver
a: Evoke Blink


You escaped.
You visited 10 branches of the dungeon, and saw 50 of its levels.
You visited the Abyss 1 time.
You visited 1 bazaar.
You also visited: Bailey, Ice Cave, Volcano and Wizlab.

You collected 10339 gold pieces.
You spent 4630 gold pieces at shops.

Inventory:

Hand Weapons
 a - the +10 hand crossbow "Doacen" (weapon) {speed, SInv}
   (You subdued it in a wizard's laboratory)

   Attacks with this weapon are significantly faster.
   SInv:      It lets you see invisible.
 b - a +8 double sword of electrocution
   (You subdued it on level 2 of the Elven Halls)
 H - the +9 triple crossbow of Cursing Painful Death {speed, Int+3}
   (You subdued it in a wizard's laboratory)

   Attacks with this weapon are significantly faster.
   Int:       It affects your intelligence (+3).
 K - a +9 hand crossbow of flaming
   (You found it in a volcano)
 V - the +9 scimitar "Vonguiq" {vamp, rF++}
   (You took it off a vault warden on level 5 of the Vaults)

   It occasionally heals its wielder for a portion of the damage dealt when it
   wounds a living foe.
   rF:        It greatly protects you from fire.
Armour
 i - a +1 tower shield of fire resistance
   (You took it off a naga warrior on level 4 of the Snake Pit)
 m - the +3 pair of seven-league boots {Rampage+∞}
   (You found it on level 3 of the Elven Halls)

   Its wearer moves as far as possible in that direction when moving towards
   enemies.
 t - the +0 pair of fencer's gloves (worn) {Riposte Dex+3}
   (You bought it in a shop in a bazaar)

   It allows the wearer to riposte with melee weapons, swiftly retaliating
   against missed or blocked melee attacks.
   Dex:       It affects your dexterity (+3).
 u - a scarf of resistance (worn)
   (You found it on level 3 of the Elven Halls)
 y - the +0 pair of boots "Xekke" (worn) {rN++ Int+3 Dex+4 SInv}
   (You acquired it on level 3 of the Vaults)

   Int:       It affects your intelligence (+3).
   Dex:       It affects your dexterity (+4).
   rN:        It greatly protects you from negative energy.
   SInv:      It lets you see invisible.
 z - quicksilver dragon scales
   (You found it on level 3 of the Realm of Zot)
 B - +6 acid dragon scales (worn)
   (You took it off Maggie on level 6 of the Dungeon)
 F - a +4 kite shield of cold resistance (worn)
   (You found it in an ice cave)
 N - a +2 helmet of intelligence (worn)
   (You found it on level 3 of the Elven Halls)
 Y - the +0 pair of gloves of Lalocw {rC+ rN+ Regen+}
   (You found it on level 1 of the Vaults)

   rC:        It protects you from cold.
   rN:        It protects you from negative energy.
   Regen:     It increases your rate of health regeneration.
Jewellery
 c - the amulet of Nokummorr (around neck) {Faith rPois rF+ rN+ Will-}
   (You found it on level 3 of the Vaults)

   [amulet of faith]

   It allows you to gain divine favour quickly.
   rF:        It protects you from fire.
   rPois:     It protects you from poison.
   rN:        It protects you from negative energy.
   Will:      It decreases your willpower.
 f - the ring of Liberty {rF+ rN+}
   (You found it on level 3 of the Crypt)

   [ring of positive energy]

   rF:        It protects you from fire.
   rN:        It protects you from negative energy.
 w - the ring of Puusun (right hand) {rF- rN+ Will++ Dex+6}
   (You found it on level 3 of the Crypt)

   [ring of positive energy]

   Dex:       It affects your dexterity (+6).
   rF:        It makes you vulnerable to fire.
   rN:        It protects you from negative energy.
   Will:      It greatly increases your willpower.
 x - an amulet of regeneration
   (You found it on level 3 of the Depths)
 D - an amulet of reflection
   (You found it on level 6 of the Dungeon)
 M - the ring of the City (left hand) {+Blink Fly rF+ Str+7 Dex-2}
   (You found it on level 2 of the Crypt)

   [ring of protection from fire]

   Str:       It affects your strength (+7).
   Dex:       It affects your dexterity (-2).
   rF:        It protects you from fire.
   Fly:       It grants you flight.
   +Blink:    It lets you blink.
 O - the ring "Jitruni" {+Blink rN+++ EV+4 Str+5 Dex-2}
   (You acquired it on level 1 of the Orcish Mines)

   [ring of evasion]

   EV:        It affects your evasion (+4).
   Str:       It affects your strength (+5).
   Dex:       It affects your dexterity (-2).
   rN:        It renders you almost immune to negative energy.
   +Blink:    It lets you blink.
 Z - the ring "Jirots" {rPois Will+ Str-3 Slay+5}
   (You bought it in a shop on level 2 of the Snake Pit)

   [ring of willpower]

   Str:       It affects your strength (-3).
   Slay:      It affects your accuracy & damage with ranged weapons and melee
   (+5).
   rPois:     It protects you from poison.
   Will:      It increases your willpower.
Wands
 r - a wand of paralysis (29)
   (You found it in an ice cave)
 C - a wand of iceblast (74)
   (You took it off Maggie on level 6 of the Dungeon)
 E - a wand of light (19)
   (You found it on level 8 of the Dungeon)
 J - a wand of digging (10)
   (You found it on level 5 of the Lair of Beasts)
 Q - a wand of polymorph (7)
   (You found it in an ice cave)
Scrolls
 d - a scroll of magic mapping
 g - 13 scrolls of vulnerability {!r}
 j - 11 scrolls of poison {!r}
 o - 11 scrolls of butterflies
 s - 9 scrolls of torment {!r}
 v - 11 scrolls of teleportation {@r4}
 P - a scroll of blinking
 S - 3 scrolls of fear
 U - 6 scrolls of immolation {!r}
 X - 6 scrolls of silence
Potions
 e - 9 potions of mutation {!q}
 h - 20 potions of curing {@q1}
 k - 2 potions of cancellation
 l - 2 potions of ambrosia
 n - 6 potions of heal wounds {@q2}
 p - 10 potions of might
 q - 19 potions of lignification {!q}
 A - 5 potions of haste {@q3}
 G - 3 potions of resistance
 L - 6 potions of brilliance
 W - 3 potions of flight
Miscellaneous
 R - a phantom mirror
   (You found it on level 14 of the Dungeon)
 T - a tin of tremorstones (2/2)
   (You found it on level 4 of the Lair of Beasts)


   Skills:
 + Level 22.3 Fighting
 - Level 16.0 Long Blades
 - Level 18.0 Ranged Weapons
 - Level 8.0 Armour
 * Level 26.6 Dodging
 - Level 16.0 Stealth
 - Level 17.0 Shields
 - Level 8.0 Evocations


You had 24 spell levels left.
You didn't know any spells.
Your spell library contained the following spells:

 Spells                   Type           Power      Damage    Failure   Level
 Apportation              Tloc           0%         N/A       43%         1
 Freeze                   Ice            0%         1d3       43%         1
 Magic Dart               Conj           0%         1d3       43%         1
 Necrotise                Necr           0%         1d4       43%         1
 Sandblast                Erth           0%         2d4       43%         1
 Slow                     Hex            0%         N/A       43%         1
 Summon Small Mammal      Summ           0%         N/A       43%         1
 Blink                    Tloc           0%         N/A       58%         2
 Call Imp                 Summ           0%         N/A       58%         2
 Ensorcelled Hibernation  Hex/Ice        0%         N/A       58%         2
 Passwall                 Tmut/Erth      0%         N/A       58%         2
 Confusing Touch          Hex            0%         N/A       82%         3
 Conjure Flame            Conj/Fire      0%         6-21      82%         3
 Dazzling Flash           Conj/Hex       0%         N/A       82%         3
 Frozen Ramparts          Ice            0%         1d1       82%         3
 Ignite Poison            Fire/Tmut/Pois 0%         N/A       82%         3
 Inner Flame              Hex/Fire       0%         N/A       82%         3
 Mephitic Cloud           Conj/Pois/Air  0%         N/A       82%         3
 Ozocubu's Armour         Ice            0%         N/A       82%         3
 Portal Projectile        Hex/Tloc       0%         N/A       82%         3
 Stone Arrow              Conj/Erth      0%         3d7       82%         3
 Summon Guardian Golem    Hex/Summ       0%         N/A       82%         3
 Swiftness                Air            0%         N/A       82%         3
 Tukima's Dance           Hex            0%         N/A       82%         3
 Vampiric Draining        Necr           0%         2d6       82%         3
 Anguish                  Hex/Necr       0%         N/A       99%         4
 Animate Armour           Summ/Erth      0%         N/A       99%         4
 Animate Dead             Necr           0%         N/A       99%         4
 Cause Fear               Hex            0%         N/A       99%         4
 Corpse Rot               Necr/Pois/Air  0%         N/A       99%         4
 Dispel Undead            Necr           0%         3d6       99%         4
 Fulminant Prism          Conj/Hex       0%         3d6       99%         4
 Hailstorm                Conj/Ice       0%         3d3       99%         4
 Ice Form                 Ice/Tmut       0%         N/A       99%         4
 Iskenderun's Mystic Bla  Conj/Tloc      0%         2d3       99%         4
 Leda's Liquefaction      Hex/Erth       0%         N/A       99%         4
 Olgreb's Toxic Radiance  Pois           0%         N/A       99%         4
 Passage of Golubria      Tloc           0%         N/A       99%         4
 Sticky Flame             Conj/Fire      0%         2d3       99%         4
 Summon Lightning Spire   Summ/Air       0%         N/A       99%         4
 Agony                    Necr           0%         N/A       100%        5
 Alistair's Intoxication  Tmut/Pois      0%         N/A       100%        5
 Blade Hands              Tmut           0%         N/A       100%        5
 Borgnjor's Vile Clutch   Necr/Erth      0%         N/A       100%        5
 Fireball                 Conj/Fire      0%         3d3       100%        5
 Freezing Cloud           Conj/Ice/Air   0%         6-21      100%        5
 Lee's Rapid Deconstruct  Erth           0%         3d5*      100%        5
 Manifold Assault         Tloc           0%         N/A       100%        5
 Metabolic Englaciation   Hex/Ice        0%         N/A       100%        5
 Silence                  Hex/Air        0%         N/A       100%        5
 Summon Forest            Summ/Tloc      0%         N/A       100%        5
 Summon Mana Viper        Hex/Summ       0%         N/A       100%        5
 Yara's Violent Unravell  Hex/Tmut       0%         3d3       100%        5
 Conjure Ball Lightning   Conj/Air       0%         3x3d6     100%        6
 Death Channel            Necr           0%         N/A       100%        6
 Dispersal                Tloc           0%         N/A       100%        6
 Eringya's Noxious Bog    Tmut/Pois      0%         N/A       100%        6
 Iron Shot                Conj/Erth      0%         9d1       100%        6
 Simulacrum               Ice/Necr       0%         N/A       100%        6
 Starburst                Conj/Fire      0%         6d3       100%        6
 Statue Form              Tmut/Erth      0%         N/A       100%        6
 Dragon Form              Tmut           0%         N/A       100%        7
 Enfeeble                 Hex            0%         N/A       100%        7
 Haunt                    Necr/Summ      0%         N/A       100%        7
 Malign Gateway           Summ/Tloc      0%         N/A       100%        7
 Ozocubu's Refrigeration  Ice            0%         4d7       100%        7
 Storm Form               Tmut/Air       0%         N/A       100%        7
 Summon Hydra             Summ           0%         N/A       100%        7
 Borgnjor's Revivificati  Necr           0%         N/A       100%        8
 Discord                  Hex            0%         N/A       100%        8
 Disjunction              Tloc           0%         N/A       100%        8
 Ignition                 Fire           0%         3d3       100%        8
 Lehudib's Crystal Spear  Conj/Erth      0%         10d2      100%        8
 Maxwell's Capacitive Co  Air            0%         ∞         100%        8
 Summon Horrible Things   Summ           0%         N/A       100%        8
 Chain Lightning          Conj/Air       0%         N/A       100%        9
 Dragon's Call            Summ           0%         N/A       100%        9


Dungeon Overview and Level Annotations

Branches:
Dungeon (15/15)            Temple (0/1) D:4            Lair (5/5) D:9
  Swamp (4/4) Lair:3        Snake (4/4) Lair:2        Slime (0/5) Lair:5
    Orc (2/2) D:10            Elf (3/3) Orc:2        Vaults (5/5) D:14
  Crypt (3/3) Vaults:3       Tomb (0/3) Crypt:3      Depths (4/4) D:15
    Zot (5/5) Depths:4     Bailey (visited)           IceCv (visited)
Volcano (visited)          WizLab (visited)

Shops:
D:2 :?*(:   D:9 ?   Orc:2 ?:?[   Elf:1 =   Snake:1 (   Snake:2 =:=   Vaults:2 :
Vaults:5 *!   Depths:1 [?!

Portals:
Hell: Depths:1 Depths:2 Depths:3 Depths:4
Abyss: Depths:1 Depths:3
Pandemonium: Depths:1 Depths:2 Depths:3 Depths:4
Ziggurat: Depths:4

Annotations:
Depths:4 exclusion: 3 daevas
Zot:5 2 exclusions


Innate Abilities, Weirdness & Mutations

You have an increased reservoir of magic. (+10% MP)
You shall have no god before yourself.
Your divine heritage dramatically boosts your attributes as you level up.
You are clumsy. (Dex -2)
You occasionally shout uncontrollably at your foes.


Message History

You shoot a bolt. The bolt hits the Orb Guardian!
No target in view!
No target in view!
No target in view!
(D) Dungeon (T) Temple (L) Lair (S) Swamp (P) Snake Pit (M) Slime Pits (O) Orcish Mines (E) Elven Halls (V) Vaults (C) Crypt (W) Tomb (U) Depths (H) Hell (Z) Zot
Where to? (Enter - D:1, ? - help)
You block the Orb Guardian's attack.
You shoot a bolt.
The bolt hits the Orb Guardian but does no damage.
You block the Orb Guardian's attack.
You shoot a bolt. The bolt hits the Orb Guardian!
You block the Orb Guardian's attack.
You shoot a bolt. The bolt misses the Orb Guardian.
You block the Orb Guardian's attack.
You shoot a bolt. The bolt hits the Orb Guardian!!
You block the Orb Guardian's attack.
You shoot a bolt. The bolt hits the Orb Guardian!!!
You kill the Orb Guardian!
No target in view!
(D) Dungeon (T) Temple (L) Lair (S) Swamp (P) Snake Pit (M) Slime Pits (O) Orcish Mines (E) Elven Halls (V) Vaults (C) Crypt (W) Tomb (U) Depths (H) Hell (Z) Zot
Where to? (Enter - D:1, ? - help)
There is a stone staircase leading up here.
You fly upwards.
There is a stone staircase leading down here.
There is a stone staircase leading up here.
You fly upwards.
There is a stone staircase leading down here.
You see here 5 stones.
There is a stone staircase leading up here.
You fly upwards.
There is a stone staircase leading down here.
You see here a +0 dagger.
Tommaann comes into view. It is armed with a painful touch.
You feel yourself speed up. Tommaann attacks as you move away!
You block Tommaann's attack. Tommaann attacks as you move away!
You block Tommaann's attack. You block Tommaann's attack.
Tommaann attacks as you move away! You block Tommaann's attack.
There is a large open door here.
Tommaann attacks as you move away! Tommaann completely misses you.
Tommaann attacks as you move away! You block Tommaann's attack.
There is a staircase leading out of the dungeon here.
Tommaann completely misses you.
You have escaped!

..# #######
#...# #.#
#≈≈≈§≈≈### #.(.#
#.# ≈≈≈≈≈§≈≈≈##
#...# .##
≈≈≈≈#§§≈≈≈#
#...# .#
§§≈≈§§§≈§###...#
.#####
≈≈≈§§≈#≈≈#....#
#....#
####≈≈≈≈≈##.#.#
####.###
#>.......'....#
.......#
#@&......§..###
##.....###
####§§≈≈≈####
#.......#
≈≈§§§≈#§≈#
#.....>.#
§≈≈§≈§≈§§##
#.....###
§≈§≈#§≈≈§§#
####(#####
§≈≈§≈§≈≈≈##
.....# #.#
#§§§≈§§###
#.##.# #.#
#######
#.##.###.#


You could see Tommaann.

Vanquished Creatures
  5 dread liches
  A pandemonium lord (Depths:2)
  4 orbs of fire
  Mara (Vaults:5)
  An ancient lich (Zot:5)
  Mennas (Vaults:3)
  A juggernaut (Depths:2)
  Boris (Depths:4)
  the Lernaean hydra (Swamp:4)
  Vv (Crypt:1)
  Saint Roka (Crypt:3)
  5 curse toes
  Parghit (Zot:3)
  Xtahua (Vaults:2)
  10 Killer Klowns
  A caustic shrike (Depths:2)
  11 golden dragons
  Jory (Crypt:2)
  3 bone dragons
  2 profane servitors
  2 hellephants (Depths:1)
  A Tzitzimitl (Crypt:3)
  14 tentacled monstrosities
  A Hell Sentinel (D:10)
  A walking earthen tome (Depths:2)
  4 electric golems
  3 doom hounds (Crypt:3)
  2 liches
  Grunn (Crypt:3)
  An Ice Fiend (Zot:2)
  6 titans
  2 deep elf master archers (Elf:3)
  26 Orb Guardians
  8 quicksilver dragons
  4 deep elf blademasters
  A walking divine tome (WizLab)
  A tentacled starspawn (Abyss:4)
  Agnes (Snake:2)
  9 death cobs
  3 sphinxes
  An Executioner (D:15)
  5 ancient champions
  A strange machine (WizLab)
  17 storm dragons
  10 shadow dragons
  Roxanne (Swamp:2)
  3 tengu reavers
  3 thorn hunters (Swamp:2)
  2 revenants (Crypt:2)
  4 draconian monks
  A fenstrider witch (Swamp:3)
  10 frost giants
  4 nagarajas (Snake:4)
  8 deep elf sorcerers
  5 draconian knights
  8 draconian scorchers
  Aizul (Snake:4)
  9 fire giants
  Louise (D:15)
  8 draconian shifters
  A spectral juggernaut (Depths:1)
  A cacodemon (Abyss:4)
  An orc warlord (Vaults:3)
  4 curse skulls
  15 vault wardens
  3 draconian stormcallers
  3 draconian annihilators
  15 ghouls
  16 stone giants
  3 reapers
  32 ironbound preservers
  6 deep elf elementalists
  23 very ugly things
  5 deep elf demonologists
  9 yellow draconians
  9 black draconians
  12 green draconians
  6 white draconians
  A putrid mouth (Crypt:3)
  5 vampire knights
  5 bunyips
  A lorocyproca (D:9)
  2 eleionomae
  6 ironbound thunderhulks
  6 dire elephants
  11 red draconians
  11 deep elf annihilators
  12 purple draconians
  15 eidola
  8 ettins
  6 deep elf death magi
  16 yaktaur captains
  3 jiangshi (Crypt:2)
  2 merfolk impalers (Depths:4)
  3 deep elf high priests
  2 merfolk javelineers (Depths:4)
  A mummy priest (Crypt:3)
  11 fire dragons
  6 spriggan zombies (Crypt:3)
  36 vault guards
  10 rakshasas
  2 salamander tyrants
  14 ice dragons
  4 great orbs of eyes
  4 ghost crabs
  A peacekeeper (Vaults:4)
  An ogre mage (D:15)
  26 hydras
  7 boulder beetles
  A catoblepas (D:15)
  A radroach (Zot:5)
  8 anacondas
  2 spriggan air magi
  9 ironbound frosthearts
  A spriggan skeleton (Crypt:1)
  A two-headed ogre (shapeshifter) (Depths:4)
  3 deep troll shamans
  10 alligators
  18 centaur warriors
  8 death knights
  46 dancing weapons
  13 naga warriors
  6 two-headed ogres
  11 death yaks
  2 Orb Guardian skeletons (Crypt:1)
  7 deep troll earth magi
  2 thrashing horrors (Abyss:4)
  5 tengu warriors
  7 hell hogs (Depths:1)
  5 orc high priests
  A shock serpent (shapeshifter) (Vaults:5)
  14 spriggans
  6 spriggan berserkers
  7 shock serpents
  5 vampire magi
  Sonja (Orc:2)
  Urug (Lair:2)
  2 titan zombies
  A hell knight (Vaults:5)
  Amaemon (Lair:1)
  2 soul eaters
  18 deep elf knights
  A storm dragon zombie (Crypt:3)
  18 naga sharpshooters
  A salamander mystic (Snake:4)
  A fire crab (Volcano)
  29 skeletal warriors
  7 iron trolls
  A shadow wraith (Crypt:2)
  4 sixfirhies
  A death drake (shapeshifter) (Depths:2)
  12 swamp dragons
  A goliath frog (Swamp:1)
  A cherub (D:13)
  4 spriggan druids
  7 sea snakes
  107 deep trolls
  A death drake (Swamp:2)
  A shadow dragon zombie (Crypt:2)
  4 naga ritualists
  9 flayed ghosts
  4 glowing orange brains
  7 bog bodies
  8 harpies
  20 ironbound convokers
  24 phantasmal warriors
  12 deep elf archers
  9 orc knights
  Pikel (D:6)
  5 starcursed masses (Abyss:4)
  7 wizards
  9 lindwurms
  29 deep elf zephyrmancers
  2 spriggan simulacra (Crypt:1)
  33 deep elf pyromancers
  2 stone giant zombies (Crypt:3)
  A goliath frog zombie (Crypt:2)
  6 necromancers
  An iron dragon zombie (Crypt:3)
  11 orc sorcerers
  6 mana vipers
  37 ugly things
  3 cyclopes
  3 wolf spiders (Crypt:3)
  A faun (shapeshifter) (Vaults:5)
  2 human zombies (Vaults:1)
  A manticore (shapeshifter) (Depths:1)
  6 will-o-the-wisps
  2 sphinx skeletons
  4 manticores
  A tengu skeleton (Vaults:4)
  2 human skeletons (Vaults:4)
  2 dire elephant zombies
  11 salamanders
  9 elephants
  9 guardian serpents
  2 naga zombies (Crypt:3)
  14 vault sentinels
  2 rust devils (Abyss:4)
  26 moths of wrath
  26 black mambas
  5 torpor snails (Lair:5)
  3 ice statues (IceCv)
  13 naga magi
  A torpor snail (shapeshifter) (D:15)
  A catoblepas zombie (Crypt:2)
  3 gargoyles
  Maggie (D:6)
  5 cane toads
  An orange demon (Lair:1)
  3 rime drakes (Lair:3)
  An alligator snapping turtle zombie (Crypt:1)
  40 yaktaurs
  A tengu conjurer (Depths:2)
  A dire elephant skeleton (Crypt:1)
  A hellwing (Depths:3)
  6 komodo dragons
  A komodo dragon (shapeshifter) (Elf:2)
  6 freezing wraiths
  A guardian mummy (Crypt:3)
  An ice devil (Depths:1)
  A catoblepas skeleton (Crypt:2)
  A black draconian skeleton (Crypt:1)
  A queen bee (Abyss:4)
  14 polar bears
  A purple draconian skeleton (Crypt:1)
  2 harpy zombies
  10 trolls
  3 bloated husks
  15 tyrant leeches
  A polar bear (shapeshifter) (D:11)
  24 hornets
  A death drake skeleton (Crypt:2)
  A meliai zombie (Crypt:1)
  50 slime creatures
  A small abomination (Abyss:4)
  15 blink frogs
  6 dream sheep (Lair:4)
  5 raiju
  A jumping spider zombie (Crypt:2)
  A merfolk zombie (Crypt:3)
  An ettin zombie (Crypt:3)
  5 air elementals
  2 vampires (D:13)
  10 water elementals
  4 shadows
  A ynoxinul (Abyss:4)
  2 wyverns (Lair:3)
  A fire elemental (Elf:1)
  45 yaks
  12 wraiths
  A dire elephant simulacrum (IceCv)
  3 redbacks (Crypt:3)
  An ushabti (Crypt:3)
  6 basilisks
  23 humans
  A neqoxec (Abyss:4)
  3 death yak simulacra (IceCv)
  3 steam dragons
  7 wargs
  58 nagas
  A harpy simulacrum (IceCv)
  15 swamp worms
  17 vampire mosquitoes
  A deep troll zombie (Crypt:3)
  15 hell hounds
  A floating eye (shapeshifter) (Depths:2)
  23 water moccasins
  A hydra simulacrum (Crypt:1)
  3 large abominations
  41 orc warriors
  4 ice beasts
  12 swamp drakes
  2 sky beasts (D:7)
  14 black bears
  14 boggarts
  10 ogres
  27 wolves
  8 centaurs
  3 lemures
  2 phantoms (D:9)
  7 kobold brigands
  A fire crab zombie (Crypt:2)
  8 bullfrogs
  2 scorpions (D:6)
  17 necrophages
  An earth elemental (Elf:2)
  2 gnoll sergeants
  6 wyvern skeletons (Crypt:3)
  8 wights
  2 human simulacra
  2 troll zombies (D:10)
  An elephant simulacrum (IceCv)
  2 electric eels
  A howler monkey (D:10)
  3 hounds
  A centaur skeleton (Crypt:1)
  22 orc priests
  4 iguanas
  Jessica (D:14)
  A basilisk skeleton (Crypt:1)
  37 orc wizards
  2 wolf simulacra (IceCv)
  6 ogre zombies (D:10)
  A mummy (Crypt:3)
  12 gnolls
  3 adders
  A white imp (D:6)
  A worm zombie (Crypt:1)
  An iguana zombie (Crypt:2)
  An adder skeleton (Crypt:2)
  A worm (D:4)
  2 dart slugs
  81 orcs
  7 ball pythons
  2 bats
  A bat zombie (Crypt:1)
  2 endoplasms
  2 giant cockroaches
  7 goblins
  9 hobgoblins
  25 kobolds
  A quokka (D:3)
  4 frilled lizards
  A gnoll skeleton (Crypt:2)
  A goblin skeleton (D:10)
  4 goblin zombies (D:10)
  A hobgoblin skeleton (D:10)
  2 hobgoblin zombies (D:10)
  2 orc skeletons (D:10)
  15 orc zombies (D:10)
  7 rats
2429 creatures vanquished.

Vanquished Creatures (collateral kills)
  A revenant (Crypt:1)
  An ironbound frostheart (Vaults:3)
  2 deep trolls (Vaults:3)
  A necromancer (Crypt:1)
  4 meliai (Abyss:4)
  Edmund (D:5)
  2 kobold brigands (Bailey)
  A water moccasin skeleton (Crypt:1)
  3 kobolds (Bailey)
16 creatures vanquished.

Vanquished Creatures (others)
  A white draconian (Zot:4)
  A wizard (Vaults:1)
  A slime creature (Vaults:1)
  2 spriggans (Swamp:3)
  A naga (Snake:4)
  2 kobold brigands (Bailey)
  3 demonic plants (D:1)
  8 foxfires
  21 fungi
  61 plants
  2 starspawn tentacles (Abyss:4)
  41 withered plants
144 creatures vanquished.

Grand Total: 2589 creatures vanquished

Notes
Turn   | Place    | Note
-------+----------+-------------------------------------------
     0 | D:1      | GeoRichter the Demigod Hunter began the quest for the Orb.
     0 | D:1      | Reached XP level 1. HP: 17/17 MP: 3/3
    31 | D:1      | Reached skill level 1 in Stealth
   120 | D:1      | Reached XP level 2. HP: 24/24 MP: 4/4
   748 | D:2      | Found Gafucs's Book Emporium.
   856 | D:2      | Found Vecai's Assorted Antiques.
   874 | D:2      | Found Bokuok's Book Shop.
   884 | D:2      | Found Zemnoem's Magic Scroll Boutique.
   892 | D:2      | Bought a scroll of identify for 26 gold pieces
   892 | D:2      | Bought a scroll of identify for 26 gold pieces
   892 | D:2      | Bought a scroll of identify for 26 gold pieces
   937 | D:2      | Found Niroec's Antique Weapon Emporium.
  1177 | D:3      | Reached XP level 3. HP: 29/29 MP: 5/5
  2072 | D:4      | Found a staircase to the Ecumenical Temple.
  2163 | D:4      | Reached XP level 4. HP: 31/36 MP: 6/6
  2287 | D:4      | Noticed a necrophage
  2295 | D:4      | Killed a necrophage
  2296 | D:4      | Reached XP level 5. HP: 31/41 MP: 7/7
  2532 | D:2      | Bought a helmet for 112 gold pieces
  2749 | D:5      | Entered Level 5 of the Dungeon
  2830 | D:5      | Reached skill level 5 in Ranged Weapons
  2923 | D:5      | Noticed Edmund
  2925 | D:5      | Noticed a black bear
  2928 | D:5      | Noticed a centaur
  2931 | D:5      | Killed a black bear
  2932 | D:5      | Killed Edmund
  2933 | D:5      | Reached XP level 6. HP: 26/50 MP: 8/8
  3087 | D:5      | Noticed a water moccasin
  3121 | D:5      | Killed a water moccasin
  3122 | D:5      | Reached XP level 7. HP: 54/57 MP: 9/9
  3407 | D:2      | Bought a pair of gloves for 112 gold pieces
  4127 | D:6      | Reached skill level 2 in Dodging
  4337 | D:6      | Noticed Maggie
  4349 | D:6      | Killed Maggie
  4350 | D:6      | Reached XP level 8. HP: 35/67 MP: 10/10
  4771 | D:6      | Reached skill level 3 in Dodging
  4821 | D:6      | Noticed Pikel
  5030 | D:6      | Reached skill level 5 in Fighting
  5816 | D:6      | Killed Pikel
  5817 | D:6      | Reached skill level 4 in Dodging
  5817 | D:6      | Reached XP level 9. HP: 33/74 MP: 11/11
  6970 | D:2      | Bought a scroll of enchant armour for 97 gold pieces
  7584 | D:7      | Reached skill level 10 in Ranged Weapons
  7584 | D:7      | Reached skill level 1 in Evocations
  7636 | D:7      | Reached skill level 5 in Dodging
  9265 | D:9      | Found a flagged portal.
  9274 | Bailey   | Entered a bailey
  9310 | Bailey   | Reached XP level 10. HP: 53/84 MP: 13/13
  9508 | Bailey   | Got the Precepts of the Entourage and Hurting
  9768 | D:9      | Found the +4 dagger "Morg" {pain, Will+ Int+5}
  9824 | D:9      | Found a staircase to the Lair.
 10188 | D:9      | Found Owney's Magic Scroll Shoppe.
 10495 | D:10     | Entered Level 10 of the Dungeon
 10526 | D:9      | Reached skill level 6 in Dodging
 10759 | D:10     | Paralysed by a hornet for 2 turns
 10764 | D:10     | Paralysed by a hornet for 3 turns
 11015 | D:10     | Noticed a two-headed ogre
 11023 | D:10     | Killed a two-headed ogre
 11413 | D:10     | Found a staircase to the Orcish Mines.
 12195 | Orc:1    | Entered Level 1 of the Orcish Mines
 12206 | Orc:1    | Noticed an orc knight
 12227 | D:10     | Killed an orc knight
 12228 | D:10     | Reached XP level 11. HP: 55/94 MP: 14/14
 12606 | Lair:1   | Entered Level 1 of the Lair of Beasts
 12998 | Lair:1   | Reached skill level 5 in Stealth
 13065 | Lair:1   | Reached skill level 7 in Dodging
 13069 | Lair:1   | Noticed Amaemon
 13085 | Lair:1   | Killed Amaemon
 13997 | Lair:1   | Identified the +10 plate armour of Ohull {rC- Str+2 Dex+3}
 14195 | Lair:1   | Noticed an eight-headed hydra
 14203 | Lair:1   | Killed an eight-headed hydra
 14923 | Lair:2   | Noticed Urug
 14929 | Lair:2   | Killed Urug
 14958 | Lair:2   | Reached skill level 8 in Dodging
 15100 | Lair:2   | Found a dark tunnel.
 15192 | Volcano  | Entered a volcano
 15544 | Volcano  | Noticed a lindwurm
 15545 | Volcano  | Reached XP level 12. HP: 103/103 MP: 15/15
 16110 | D:2      | Bought a manual of Shields for 800 gold pieces
 16312 | Lair:2   | Reached skill level 1 in Shields
 16465 | Lair:2   | Found a staircase to the Snake Pit.
 17232 | Lair:3   | Found a frozen archway.
 17243 | IceCv    | Entered an ice cave
 18371 | IceCv    | Found the dreamshard necklace {*Dream Drain}
 18489 | Lair:3   | Got the Lessons on Twisted Terrain
 19128 | Lair:3   | Found a staircase to the Swamp.
 19551 | Lair:4   | Identified the amulet "Vadd" {Faith rC+ MP-9 Dex+2}
 19705 | Lair:4   | Reached skill level 9 in Dodging
 20104 | Lair:3   | Reached skill level 5 in Shields
 20281 | Lair:5   | Entered Level 5 of the Lair of Beasts
 20281 | Lair:5   | Found a staircase to the Slime Pits.
 20305 | Lair:4   | Reached skill level 1 in Armour
 20423 | Lair:4   | Reached skill level 10 in Fighting
 20466 | Lair:5   | Reached XP level 13. HP: 113/113 MP: 16/16
 20618 | Lair:4   | HP: 2/113 [dream sheep (6)]
 21330 | Lair:4   | Reached skill level 15 in Ranged Weapons
 21784 | Lair:5   | Found a runed translucent door.
 21921 | Lair:5   | Reached skill level 10 in Dodging
 22988 | Lair:5   | Reached XP level 14. HP: 79/122 MP: 17/17
 24088 | Orc:1    | Identified a scroll of acquirement
 24088 | Orc:1    | Acquired the ring "Jitruni" {+Blink rN+++ EV+4 Str+5 Dex-2}
 24161 | Orc:2    | Entered Level 2 of the Orcish Mines
 24347 | Orc:2    | Noticed Sonja
 24350 | Orc:2    | Killed Sonja
 24491 | Orc:2    | Found Ebaugiet's Antique Armour Shoppe.
 25210 | Orc:2    | Found a staircase to the Elven Halls.
 25382 | Orc:2    | Found Zopyv's Book Boutique.
 25392 | Orc:2    | Found Cedybbel's Magic Scroll Boutique.
 25394 | Orc:2    | Found Oshrilug's Magic Scroll Shoppe.
 25400 | Orc:2    | Bought a scroll of poison for 44 gold pieces
 25400 | Orc:2    | Bought a scroll of identify for 22 gold pieces
 25404 | Orc:2    | Bought a scroll of fear for 44 gold pieces
 25404 | Orc:2    | Bought a scroll of enchant armour for 82 gold pieces
 25406 | Orc:2    | Bought 2 scrolls of vulnerability for 88 gold pieces
 25408 | Orc:2    | Bought a scroll of silence for 104 gold pieces
 26913 | D:12     | Reached skill level 11 in Dodging
 28153 | D:13     | Got the Folio of the Blizzard and the Excursion
 28727 | D:14     | Noticed Jessica
 28728 | D:14     | Killed Jessica
 28739 | D:14     | Reached XP level 15. HP: 132/132 MP: 18/18
 28917 | D:14     | Reached skill level 10 in Shields
 29116 | D:14     | Found a gate to the Vaults.
 29687 | D:15     | Entered Level 15 of the Dungeon
 30236 | D:15     | Reached skill level 12 in Dodging
 30267 | D:15     | Acquired 677 gold pieces
 31065 | D:15     | Noticed Louise
 31072 | D:15     | Killed Louise
 31197 | D:15     | Found a staircase to the Depths.
 31577 | Snake:1  | Entered Level 1 of the Snake Pit
 31582 | Snake:1  | Found Omoziw's Antique Weapon Shoppe.
 31710 | Snake:1  | You fall into a shaft and drop 1 floor!
 32988 | Snake:2  | Reached skill level 13 in Dodging
 33211 | Snake:2  | Noticed Agnes
 33225 | Snake:2  | Killed Agnes
 33383 | Snake:2  | Reached XP level 16. HP: 144/144 MP: 19/19
 33824 | Snake:2  | Found Myzi's Jewellery Emporium.
 33824 | Snake:2  | Found Uxtac's Book Boutique.
 33825 | Snake:2  | Found Koepoh's Jewellery Emporium.
 33835 | Snake:2  | Bought the ring "Jirots" {rPois Will+ Str-3 Slay+5} for 661
                  | gold pieces
 34994 | D:9      | Bought a scroll of enchant weapon for 97 gold pieces
 34994 | D:9      | Bought a scroll of enchant weapon for 97 gold pieces
 34994 | D:9      | Bought a scroll of enchant armour for 97 gold pieces
 34994 | D:9      | Bought a scroll of magic mapping for 97 gold pieces
 35357 | Snake:4  | Entered Level 4 of the Snake Pit
 35429 | Snake:4  | Reached skill level 10 in Stealth
 35505 | Snake:4  | Noticed Aizul
 35515 | Snake:4  | Killed Aizul
 37171 | Snake:4  | Got a serpentine rune of Zot
 37630 | Elf:1    | Entered Level 1 of the Elven Halls
 37652 | Elf:1    | Reached XP level 17. HP: 139/152 MP: 20/20
 38087 | Elf:1    | Paralysed by an air elemental for 1 turns
 38255 | Elf:1    | Paralysed by an air elemental for 1 turns
 38322 | Elf:1    | Found Ceufrywugh's Jewellery Shop.
 38326 | Elf:1    | Reached skill level 14 in Dodging
 38596 | Elf:1    | Reached skill level 15 in Shields
 39263 | Elf:2    | Found a runed translucent gate.
 39263 | Elf:2    | Found a runed translucent gate.
 39263 | Elf:2    | Found a runed translucent gate.
 39456 | Elf:2    | Found Lizie's Antique Weapon Shoppe.
 39815 | Elf:2    | Reached skill level 5 in Armour
 39916 | Elf:2    | Reached skill level 15 in Fighting
 40137 | Elf:3    | Entered Level 3 of the Elven Halls
 40919 | Elf:3    | Noticed a deep elf blademaster
 40925 | Elf:3    | Killed a deep elf blademaster
 40932 | Elf:3    | Identified the +0 robe of the Enchanted Forest {rC+ Dex+2}
 41148 | Elf:3    | Reached XP level 18. HP: 163/163 MP: 21/21
 41846 | Elf:3    | Identified the ring of Plog {Ice rPois}
 41922 | Elf:3    | Reached skill level 15 in Dodging
 43164 | Elf:3    | Identified the +0 robe of Somewhere Else {*Slow rElec Dex+7
                  | Archmagi}
 43303 | Abyss:4  | Cast into level 4 of the Abyss (a deep elf sorcerer)
 43656 | Abyss:4  | Noticed an ancient lich
 43740 | Abyss:4  | Noticed a bone dragon
 43826 | Elf:3    | Escaped the Abyss
 43846 | Elf:3    | Paralysed by an air elemental for 1 turns
 43918 | Elf:3    | Identified the +1 ring mail "Atetz" {rPois rN+}
 43997 | Elf:3    | Identified the amulet of the Fiend {RegenMP +Inv rPois
                  | Str+4 Int-4}
 44104 | Elf:3    | Found the +3 pair of seven-league boots {Rampage+∞}
 44164 | Elf:3    | Got the Octavo of Charms
 44525 | Swamp:1  | Entered Level 1 of the Swamp
 44641 | Swamp:1  | Reached skill level 1 in Long Blades
 45232 | Swamp:2  | Noticed a tentacled monstrosity
 45237 | Swamp:2  | Killed a tentacled monstrosity
 45483 | Swamp:2  | Identified the +7 morningstar "Heys" {elec, MP+9 Int+4}
 45790 | Swamp:2  | Identified the +4 hand axe "Qoeh" {venom, Str+3}
 45899 | Swamp:2  | Identified Roxanne's Dissertation on Grit
 45899 | Swamp:2  | Noticed Roxanne
 45912 | Swamp:2  | Killed Roxanne
 46369 | Swamp:3  | Reached XP level 19. HP: 172/172 MP: 22/22
 46656 | Swamp:3  | Reached skill level 5 in Long Blades
 46659 | Swamp:3  | Identified the +1 robe of Catatonia {Slay+2}
 46887 | Swamp:4  | Entered Level 4 of the Swamp
 47472 | Swamp:4  | Noticed the 27-headed Lernaean hydra
 47726 | Swamp:4  | Killed the 27-headed Lernaean hydra
 47793 | Swamp:4  | Got a decaying rune of Zot
 48334 | D:2      | Bought a scroll of enchant weapon for 187 gold pieces
 48607 | Vaults:1 | Entered Level 1 of the Vaults
 48911 | Vaults:1 | Identified the +0 pair of gloves of Insatiable Hunger
                  | {rPois rF- rN+ SInv}
 49081 | Vaults:1 | Reached skill level 10 in Long Blades
 49196 | Vaults:1 | You fall into a shaft and drop 1 floor!
 49196 | Vaults:2 | Noticed Xtahua
 49203 | Vaults:2 | Killed Xtahua
 49245 | Vaults:2 | Found Kifyh's Book Shoppe.
 50702 | Vaults:1 | Found a transporter.
 50779 | Vaults:1 | Reached XP level 20. HP: 145/180 MP: 24/24
 50912 | Vaults:1 | Found a transporter.
 52052 | Vaults:1 | Identified the +0 pair of gloves of Lalocw {rC+ rN+ Regen+}
 52504 | Vaults:3 | Found a staircase to the Crypt.
 52718 | Vaults:3 | Acquired the +0 pair of boots "Xekke" {rN++ Int+3 Dex+4
                  | SInv}
 52829 | Vaults:3 | Reached skill level 15 in Long Blades
 53041 | Vaults:3 | Noticed Mennas
 53069 | Vaults:3 | Killed Mennas
 53267 | Vaults:3 | Reached skill level 16 in Dodging
 53287 | Vaults:3 | Identified the amulet of Nokummorr {Faith rPois rF+ rN+
                  | Will-}
 53634 | Vaults:3 | Identified the +2 robe of Resourcefulness {rC+ Dex+4}
 54019 | Vaults:4 | Found a gateway to a bazaar.
 54036 | Bazaar   | Entered a bazaar
 54036 | Bazaar   | Found Sosesir's Weapon Emporium.
 54036 | Bazaar   | Found Faroib's Book Shop.
 54036 | Bazaar   | Found Voef's Armour Shoppe.
 54038 | Bazaar   | Found Iplaikk's Armour Boutique.
 54038 | Bazaar   | Found Inem's Magic Scroll Shoppe.
 54070 | Bazaar   | Bought the +0 pair of fencer's gloves {Riposte Dex+3} for
                  | 680 gold pieces
 54070 | Bazaar   | Found the +0 pair of fencer's gloves {Riposte Dex+3}
 54107 | Vaults:4 | Found a magical portal.
 54125 | WizLab   | Entered Tukima's Studio
 54185 | WizLab   | Identified the +10 hand crossbow "Doacen" {speed, SInv}
 54231 | WizLab   | Got Zaneenal's Grimoire of Beguiling
 54237 | WizLab   | Noticed GeoRichter's illusion
 54265 | WizLab   | Identified the +2 leather armour "Busuap" {rPois Str+5}
 54297 | WizLab   | Identified the +9 triple crossbow of Cursing Painful Death
                  | {speed, Int+3}
 54320 | WizLab   | Reached XP level 21. HP: 189/189 MP: 25/25
 54709 | Vaults:4 | Noticed a golden dragon
 54717 | Vaults:4 | Killed a golden dragon
 54914 | Vaults:4 | Reached skill level 17 in Dodging
 55603 | Vaults:5 | Entered Level 5 of the Vaults
 55930 | Vaults:5 | Noticed Mara
 55935 | Vaults:5 | Killed Mara
 55971 | Vaults:5 | Identified the +9 scimitar "Vonguiq" {vamp, rF++}
 56002 | Vaults:5 | Reached skill level 18 in Dodging
 56314 | Vaults:5 | Found Hidwes's Assorted Antiques.
 56314 | Vaults:5 | Noticed a dread lich
 56346 | Vaults:5 | Noticed a dread lich
 56346 | Vaults:5 | Identified the ring "Vaphiets" {Ice rPois Will+}
 56404 | Vaults:5 | Noticed a golden dragon
 56431 | Vaults:5 | Killed a golden dragon
 56439 | Vaults:5 | HP: 1/192 [titan/the air (22)]
 56725 | Vaults:5 | Bought a scroll of enchant armour for 300 gold pieces
 56754 | Vaults:5 | Reached XP level 22. HP: 189/200 MP: 26/26
 56809 | Vaults:5 | Killed a dread lich
 56854 | Vaults:5 | Got the Monograph on Charms
 56915 | Vaults:5 | Acquired 877 gold pieces
 56930 | Vaults:5 | Identified the +6 scale mail "Cueph" {Str+2}
 57021 | Vaults:5 | Identified the +7 hand axe of Exquisite Death {holy, Will+}
 57198 | Vaults:5 | Got the Folio of Clouds
 57393 | Vaults:5 | Killed a dread lich
 57394 | Vaults:5 | Reached skill level 19 in Dodging
 57458 | Vaults:5 | Found Ylumuod's Distillery.
 57463 | Vaults:5 | Bought a potion of curing for 54 gold pieces
 57463 | Vaults:5 | Bought a potion of cancellation for 144 gold pieces
 57463 | Vaults:5 | Bought a potion of curing for 54 gold pieces
 57640 | Vaults:5 | Got a silver rune of Zot
 57781 | Crypt:1  | Entered Level 1 of the Crypt
 58036 | Crypt:1  | Noticed Vv
 58056 | Crypt:1  | Killed Vv
 59079 | Crypt:2  | Reached skill level 15 in Stealth
 59636 | Crypt:2  | Identified the ring of the City {+Blink Fly rF+ Str+7
                  | Dex-2}
 59671 | Crypt:2  | Noticed Jory
 59683 | Crypt:2  | Killed Jory
 59684 | Crypt:2  | Reached skill level 20 in Dodging
 59989 | Crypt:3  | Entered Level 3 of the Crypt
 60011 | Crypt:3  | Noticed Grunn
 60656 | Crypt:3  | Found a staircase to the Tomb.
 60899 | Crypt:3  | Killed Grunn
 60954 | Crypt:3  | Noticed Saint Roka
 60962 | Crypt:3  | Killed Saint Roka
 60974 | Crypt:3  | Identified the +7 plate armour of Kindness {Harm rN+ Will+
                  | Str+2}
 61022 | Crypt:3  | Reached XP level 23. HP: 201/211 MP: 27/27
 61362 | Crypt:3  | Identified the ring of Liberty {rF+ rN+}
 61362 | Crypt:3  | Identified the ring of Puusun {rF- rN+ Will++ Dex+6}
 61898 | Crypt:3  | Identified the +1 scale mail of Makhleb's Wrath {Contam
                  | rPois Will++}
 61900 | Crypt:3  | Got the Monograph on the Flinty Winter
 62433 | Depths:1 | Entered Level 1 of the Depths
 62444 | Depths:1 | Found Atyess's Antique Armour Shop.
 62736 | Depths:1 | Reached skill level 21 in Dodging
 62780 | Depths:1 | Found Foymif's Distillery.
 62780 | Depths:1 | Found Korin's Magic Scroll Emporium.
 62788 | Depths:1 | Bought a scroll of enchant weapon for 150 gold pieces
 62795 | Depths:1 | Bought a potion of mutation for 104 gold pieces
 62795 | Depths:1 | Bought a potion of heal wounds for 65 gold pieces
 62795 | Depths:1 | Bought a potion of haste for 130 gold pieces
 62795 | Depths:1 | Bought a potion of resistance for 130 gold pieces
 62966 | Depths:1 | Found a gateway to Hell.
 63183 | Depths:1 | Found a one-way gate leading to the halls of Pandemonium.
 63247 | Depths:1 | Found a one-way gate to the infinite horrors of the Abyss.
 63455 | Depths:2 | Reached skill level 5 in Evocations
 63579 | Depths:2 | You fall into a shaft and drop 2 floors!
 63579 | Depths:4 | Entered Level 4 of the Depths
 63915 | Depths:2 | Identified the +7 scimitar of a Gauntlet {vorpal, rPois}
 64100 | Depths:2 | Noticed a juggernaut
 64111 | Depths:2 | Killed a juggernaut
 64194 | Depths:2 | Identified the +1 robe "Egej" {MP+9}
 64876 | Depths:3 | Reached skill level 22 in Dodging
 65828 | Depths:4 | Reached XP level 24. HP: 167/223 MP: 27/27
 66015 | Depths:4 | Found a one-way gateway to a ziggurat.
 66259 | Depths:4 | Noticed Boris
 66270 | Depths:4 | Killed Boris
 66613 | Depths:4 | Found a gate to the Realm of Zot.
 66818 | Zot:1    | Entered Level 1 of the Realm of Zot
 66825 | Zot:1    | Noticed an orb of fire
 66836 | Zot:1    | Killed an orb of fire
 66888 | Zot:1    | Noticed an orb of fire
 66910 | Zot:1    | Killed an orb of fire
 66911 | Zot:1    | Reached skill level 23 in Dodging
 67328 | Zot:1    | Identified the +0 short sword "Transmigrator" {vorpal,
                  | Str+2}
 67492 | Zot:1    | Noticed a Killer Klown
 67495 | Zot:1    | Noticed a Killer Klown
 67495 | Zot:1    | Noticed a Killer Klown
 67497 | Zot:1    | Noticed a Killer Klown
 67499 | Zot:1    | Noticed a Killer Klown
 67514 | Zot:1    | Killed a Killer Klown
 67534 | Zot:1    | Killed a Killer Klown
 67541 | Zot:1    | Killed a Killer Klown
 67542 | Zot:1    | Killed a Killer Klown
 67554 | Zot:1    | Killed a Killer Klown
 68502 | Zot:2    | Reached skill level 24 in Dodging
 69455 | Zot:3    | Noticed Parghit
 69463 | Zot:3    | Killed Parghit
 69860 | Zot:3    | Reached XP level 25. HP: 235/235 MP: 27/27
 70508 | Zot:4    | Identified the +4 shortbow of Valour {venom, rElec rPois
                  | rC- rN+++}
 70684 | Zot:4    | Noticed an orb of fire
 70688 | Zot:4    | Gained mutation: You occasionally shout uncontrollably at
                  | your foes. [an orb of fire]
 70693 | Zot:4    | Gained mutation: You are clumsy. (Dex -2) [an orb of fire]
 70697 | Zot:4    | Killed an orb of fire
 70700 | Zot:4    | Reached skill level 25 in Dodging
 71739 | Zot:5    | Entered Level 5 of the Realm of Zot
 72311 | Zot:5    | Noticed a dread lich
 72317 | Zot:5    | Killed a dread lich
 72317 | Zot:5    | Noticed an orb of fire
 72329 | Zot:5    | Killed an orb of fire
 72337 | Zot:5    | Noticed an ancient lich
 72357 | Zot:5    | Killed an ancient lich
 72494 | Zot:5    | Noticed a dread lich
 72507 | Zot:5    | Killed a dread lich
 72508 | Zot:5    | Reached skill level 26 in Dodging
 72673 | Zot:5    | Noticed a dread lich
 72685 | Zot:5    | Killed a dread lich
 72801 | Zot:5    | Got the Orb of Zot
 72965 | Depths:2 | Noticed Dijaint the pandemonium lord
 72993 | Depths:2 | Killed Dijaint the pandemonium lord
 73460 | D:1      | Noticed Tommaann the pandemonium lord
 73494 | D:$      | Escaped with the Orb!

Illustrated notes

Levels and vault maps discovered:
D:1:      lightli_molten_gateway, layout_loops_ring,
          shapermc_ecumenical_altar_gd
D:2:      layout_basic, basic_altar, serial_shops, shop, shop, shop,
          nicolae_shop_trees, nicolae_shop_temple_entry_statues_fountains,
          minivault_4
D:3:      layout_basic
D:4:      layout_basic, lemuel_blue_sif_altar, minmay_temple_entry_grid
D:5:      layout_rooms, lemuel_round_altar, uniq_edmund
D:6:      nicolae_cairo_tiling_large, layout_basic,
          gammafunk_temple_overflow_forgotten, moated_statue,
          kennysheep_generic_room_8, uniq_pikel, uniq_maggie
D:7:      layout_loops_corners, grunt_decor_cap
D:8:      layout_gridville, nrook_uturn
D:9:      layout_gridville, dpeg_oklobed_lair, serial_shops,
          nicolae_take_the_stairs, enter_bailey_2
D:10:     layout_roguey, zombieorc2_lemuel
D:11:     layout_small_grid
D:12:     minmay_ambush_box, layout_irregular_city
D:13:     layout_roguey, special_room [special_room_orc]
D:14:     layout_basic, grunt_vaults_entry_tiered, nemelex_lonely_heart_becter
D:15:     hangedman_depths_entry_try_elsewhere_first, layout_grid_maze,
          hex_medium, eat_drink_and_be_merry_uskayaw, uniq_louise
Lair:1:   layout_cave_pods, serial_rivers, chequers_serial_rivers_micro_c,
          chequers_serial_rivers_micro_b, chequers_serial_rivers_marsh,
          chequers_serial_rivers_micro_a, grunt_forest_stairs_basic,
          uniq_amaemon
Lair:2:   layout_concentric_octagons, dummy_snake_entry,
          lightli_volcano_entry_magma_tube, uniq_urug
Lair:3:   layout_cave_pods, minmay_swamp_entry_swarm, portal_ice_cave_rime
Lair:4:   layout_gridlike
Lair:5:   wormcave, layout_concentric_octagons,
          hangedman_lair_caniforms_friends, slime_entry_1
Swamp:1:  layout_basic_swamp, nicolae_swamp_triple_paths,
          infiniplex_staircase_pool_2
Swamp:2:  nzn_winding_woodlands_cross [nzn_winding_woodlands_5x15_garden,
          nzn_winding_woodlands_5x15_crooked,
          nzn_winding_woodlands_5x15_longhouse, nzn_winding_woodlands_5x15_pool,
          nzn_winding_woodlands_15x15_thick_spiral], layout_falls_marsh,
          nicolae_swamp_orc_logging_accident, uniq_roxanne
Swamp:3:  layout_basic_swamp, nicolae_swamp_trees_clearing
Swamp:4:  swamp_old_school, layout_basic_swamp, infiniplex_staircase_pool
Snake:1:  kennysheep_six_static_rooms, layout_layer_cave, serial_shops, shop,
          nicolae_snake_slithery_corners, st_stairs_4
Snake:2:  layout_misc_corridors, basic_altar, nicolae_snake_guarding_the_ruins,
          grunt_megastairs_2, minmay_shop_grove, uniq_agnes
Snake:3:  layout_rooms, serial_bayou_shore_a
Snake:4:  grunt_snake_rune_pools, layout_gridlike, uniq_aizul
Orc:1:    layout_caves
Orc:2:    st_orc_elflike, layout_diamond_mine, kennysheep_orc_chapel, uniq_sonja
Elf:1:    nicolae_elf_arrival_no_cutting_in_line, layout_geoelf_octagon,
          serial_shops, nicolae_shop_statue_plus, nicolae_wwwww, drop_trap
Elf:2:    nicolae_elf_blades_splatter_lattice [nicolae_blade_lattice],
          layout_geoelf_diagonals, serial_shops,
          nicolae_shop_competitors_out_of_business
Elf:3:    minmay_elf_hall_circle, layout_geoelf_octagon, minivault_25,
          nicolae_concentric_dashed_squares_wild
Vaults:1: v_misc_5, grunt_vaults_twisty, gammafunk_the_bubble
          [the_bubble_gammafunk_plus_minus], v_misc_2, ontoclasm_vaults_spin,
          vaults_room_hallway, hangedman_vaults_pinch, vaults_room_boxed,
          vaults_dpeg_emergency_exit, nicolae_vaults_ring_of_whatevers,
          vaults_room_pools, vaults_dpeg_diagonal, layout_vaults_omnicross
Vaults:2: v_alt_pattern_6, hangedman_vaults_capsules, v_alt_pattern_3,
          ontoclasm_vaults_ligature, vaults_room_corners, v_alt_pattern_1,
          ontoclasm_vaults_decontamination, vaults_dpeg_ring,
          layout_vaults_quadrants, serial_shops, shop, uniq_xtahua
Vaults:3: v_misc_28, vaults_room_door_ring, vaults_room_large_hall,
          nicolae_vaults_mini_display_case, v_misc_29,
          nicolae_vaults_windows_and_doors_thing, minmay_crypt_entry_necro_gods,
          grunt_vaults_swirl, hangedman_vaults_trim, grunt_vaults_hallway_short,
          layout_vaults_omnibox, uniq_mennas
Vaults:4: mu_enter_wizlab_6, nicolae_vaults_arrows,
          nicolae_vaults_ninety_degrees, ontoclasm_vaults_fault,
          hangedman_vaults_locks, vaults_room_fours, vaults_dpeg_encased_lava,
          ontoclasm_vaults_ring_square, nicolae_vaults_asterisk,
          nicolae_vaults_murderbox, nicolae_vaults_sealed_display,
          hangedman_vaults_river_flow, ontoclasm_vaults_claustrophobia,
          layout_vaults_big_room, serial_shops, bzr_entry_islet
Vaults:5: uniq_mara
Crypt:1:  layout_gridlike, nicolae_crypt_niches, minmay_misc_feat_columns,
          uniq_margery, uniq_vv
Crypt:2:  gammafunk_crypt_yreds_forest, layout_misc_corridors,
          grunt_megastairs_4, uniq_jory
Crypt:3:  evilmike_haunted_forest, uniq_saint_roka, uniq_grunn
Depths:1: layout_forbidden_donut, grunt_hell_horde, abyss_entry_flame_altar,
          serial_shops, shop_fountains, grunt_pan_entry_in_and_out,
          yredelemnul_forgotten_temple_becter, grunt_megastairs_3,
          serial_bayou_shore_b, firewood_loft, minmay_shoptagon
Depths:2: kennysheep_green_arena, layout_twisted_cross,
          pf_hell_entry_tar_spiral, nicolae_ru_sacrificial_ziggurat,
          rand_demon_pan_entry_1, minmay_misc_feat_diagonals
Depths:3: grunt_house_of_mirrors, layout_basic, abyss_entry_glasseish,
          pf_dread_powers_of_hell, rand_demon_pan_entry_4,
          chequers_serial_rivers_room_a, nicolae_tso_carved_into_rock
Depths:4: evilmike_zot_entry_diamond, layout_cave_pools, enter_ziggurat_d,
          pan_entry, hell_entry, nicolae_elyvilon_temple_path, uniq_boris
Zot:1:    circus_mu, layout_misc_corridors
Zot:2:    layout_cathedral_of_symmetry
Zot:3:    lemuel_draconian_sentries_small, layout_cathedral_of_symmetry,
          st_single_dragon_hoard_2, uniq_parghit
Zot:4:    layout_cathedral_of_symmetry, lemuel_elevator
Zot:5:    layout_basic

Skill      XL: |  1  2  3  4  5  6  7  8  9 10 11 12 13 14 15 16 17 18 19 20 21 22 23 24 25 |
---------------+----------------------------------------------------------------------------+-----
Stealth        | 2 3 4 6 7 9 10 12 13 14 15 16 | 16.0
Ranged Weapons | 4 6 7 9 10 11 13 14 15 16 17 18 | 18.0
Fighting       | 2 3 4 5 6 7 8 10 12 13 14 15 16 17 18 19 21 22 | 22.3
Dodging        | 2 4 5 6 8 9 10 11 13 14 15 16 18 20 22 24 26 | 26.6
Evocations     | 2 4 7 8 |  8.0
Shields        | 5 6 9 13 14 15 16 17 | 17.0
Armour         | 1 4 5 7 8 |  8.0
Long Blades    | 4 12 16 | 16.0

Action                   |  1- 3 |  4- 6 |  7- 9 | 10-12 | 13-15 | 16-18 | 19-21 | 22-24 | 25-27 || total
-------------------------+-------+-------+-------+-------+-------+-------+-------+-------+-------++-------
Melee: Dagger            |       |       |       |    48 |       |       |       |       |       ||    48
       Punch             |       |       |       |     1 |       |       |       |       |       ||     1
       Double sword      |       |       |       |       |       |       |   507 |   216 |    66 ||   789
 Fire: Shortbow          |    37 |       |       |       |       |       |       |       |       ||    37
       Sling             |    53 |    58 |   523 |   351 |       |       |       |       |       ||   985
       Arbalest          |       |       |       |   203 |       |       |       |       |       ||   203
       Hand crossbow     |       |       |       |   196 |  1154 |  1136 |   991 |  1770 |   419 ||  5666
Evoke: Wand              |       |       |       |     4 |     3 |       |     1 |     4 |       ||    12
       Phantom mirror    |       |       |       |       |       |       |     1 |     1 |     1 ||     3
  Use: Scroll            |     4 |     6 |     9 |    17 |    15 |    19 |    23 |    17 |     2 ||   112
       Potion            |       |       |       |     4 |     2 |     5 |    30 |     6 |     4 ||    51
 Stab: Invisible         |       |       |       |       |       |       |    21 |       |       ||    21
       Sleeping          |       |       |       |       |       |       |     2 |     1 |       ||     3
       Distracted        |       |       |       |       |       |       |     1 |       |       ||     1
Armor: Leather armour    |     1 |     5 |    13 |       |       |       |       |       |       ||    19
       Acid dragon scale |       |       |    74 |    82 |    98 |    46 |   104 |    47 |    27 ||   478
Dodge: Dodged            |     5 |    13 |   210 |   331 |   498 |   416 |  1044 |   707 |   374 ||  3598
Block: Other             |       |       |    57 |    88 |       |       |       |       |       ||   145
       Reflection        |       |       |     3 |     8 |       |       |    49 |    10 |       ||    70
       Buckler           |       |       |       |    39 |   108 |       |       |       |       ||   147
       Kite shield       |       |       |       |       |   310 |   500 |  1212 |   925 |   390 ||  3337
       Rpst.: Double sword |       |       |       |       |       |       |   160 |   194 |    40 ||   394
